 Dungeon Crawl Stone Soup version 0.29-a0-289-g2178c42546 (webtiles) character file.

Game seed: 5403226041705612688

53 Dabor the Skirmisher (level 3, -5/24 HPs)
             Began as a Gargoyle Fighter on Mar 17, 2022.
             Was a Follower of Elyvilon.
             Slain by Sigmund
             ... wielding a +0 scythe
              (8 damage)
             ... on level 2 of the Dungeon.
             The game lasted 00:01:35 (1059 turns).

Dabor the Skirmisher (Gargoyle Fighter)             Turns: 1059, Time: 00:01:35

Health: -5/24      AC: 10    Str: 21    XL:     3   Next: 89%
Magic:  3/3        EV:  9    Int:  8    God:    Elyvilon [*.....]
Gold:   52         SH:  5    Dex: 15    Spells: 2/2 levels left

rFire   . . .      SeeInvis .   a - +0 flail
rCold   . . .      Faith    .   c - +0 buckler
rNeg    + . .      Spirit   .   b - +0 scale mail
rPois   ∞          Reflect  .   (no helmet)
rElec   +          Harm     .   (no cloak)
rCorr   .          Rampage  .   (no gloves)
Will    .....                   (no boots)
Stlth   ..........              (no amulet)
HPRegen 0.08/turn               h - +6 ring of dexterity
MPRegen 0.08/turn               (no ring)

@: mighty
A: sickness immunity, AC +3, negative energy resistance 1, electricity
resistance, torment resistance 1, petrification resistance
a: Renounce Religion, Purification


You were on level 2 of the Dungeon.
You worshipped Elyvilon.
Elyvilon was aware of your devotion.
You visited 1 branch of the dungeon, and saw 2 of its levels.

You collected 52 gold pieces.

Inventory:

Hand Weapons
 a - a +0 flail (weapon)
Armour
 b - a +0 scale mail (worn)
 c - a +0 buckler (worn)
Jewellery
 h - a +6 ring of dexterity (left hand)
Scrolls
 f - a scroll of fog
 g - a scroll of holy word {unknown}
Potions
 e - 2 potions of lignification {unknown}


   Skills:
 + Level 3.8 Fighting
 + Level 2.5 Maces & Flails
 - Level 3.5 Armour
 + Level 0.4 Dodging
 + Level 3.8 Shields
 + Level 0.8 Invocations


You had 2 spell levels left.
You didn't know any spells.
Your spell library was empty.

Dungeon Overview and Level Annotations

Branches:
Dungeon (2/15)

Altars:
Elyvilon

Annotations:
D:2 Sigmund


Innate Abilities, Weirdness & Mutations

You are immune to sickness and miasma.
Your stone body is resilient. (AC +3)
You are immune to poison.
You resist negative energy. (rN+)
You are resistant to electric shocks. (rElec)
You are resistant to unholy torment.
You are immune to petrification.


Message History

Found a stone staircase leading down.
f - 2 scrolls labelled BOFUZA CUUNGON (gained 1)
You see here a +0 whip.
e - 2 brown potions You now have 52 gold pieces (gained 9).
Found a spear.
Found 26 stones.
Found a leather armour.
Sigmund the Dreaded comes into view.
He is wielding a +0 scythe.
Found a leather armour.
Sigmund shouts!
Sigmund says, "You will soon forget everything."
Sigmund points at you and mumbles some strange words.
You resist with significant effort.
Sigmund is nearby!
Sigmund is nearby!
Okay, then.
You feel very mighty all of a sudden.
No target in view!
Sigmund casts a spell.
Sigmund flickers and vanishes!
Deactivating autopickup; reactivate with Ctrl-A.
Something hits you but does no damage.
You see here a +0 spear.
You miss something. Something hits you.
You miss something. Something hits you but does no damage.
You barely miss something.
You hear some strange, mumbled words.
A puff of flame appears from out of thin air!
The puff of flame hits you.
You sock something! Something hits you.
You closely miss something. Something hits you.
You miss something. Something hits you but does no damage.
You closely miss something. Something hits you.
* * * LOW HITPOINT WARNING * * *
You barely miss something. Something hits you.
* * * LOW HITPOINT WARNING * * *
As you read the scroll labelled BOFUZA CUUNGON, it crumbles to dust.
The scroll dissolves into smoke.
It was a scroll of fog.
Something hits you!
You die...

.........>.## #.#
######......###.####
#### #.....#.......#
...##...#...#...#.##
#.#).#...#...#....#
#..#...#...#...#.(#
#....#...#..§#§...#
#..#...#...#.§§#§##
#....#...#...#@§§#
###..#...#...#§§{#.#
.......#...#[.§#§§.#
###..#...#...#...#[#
###.#).#...#.. #..##
)...##...#...# .#.
##.........#. # .
##<###.##.#. .# .).#
# .#


There were no monsters in sight!

Vanquished Creatures
  Robin (D:2)
  An adder (D:2)
  2 endoplasms
  A giant cockroach (D:1)
  11 goblins
  2 hobgoblins
  3 jackals (D:1)
  2 kobolds (D:1)
  3 ball pythons (D:1)
  A bat (D:1)
  4 rats (D:1)
31 creatures vanquished.

Notes
Turn   | Place    | Note
-------+----------+-------------------------------------------
     0 | D:1      | Dabor the Gargoyle Fighter began the quest for the Orb.
     0 | D:1      | Reached XP level 1. HP: 14/14 MP: 1/1
   193 | D:1      | Reached XP level 2. HP: 19/19 MP: 2/2
   509 | D:1      | Found a faded altar of an unknown god.
   668 | D:1      | Prayed at the altar of an unknown god.
   668 | D:1      | Became a worshipper of Elyvilon the Healer
   668 | D:1      | Reached * piety under Elyvilon
   709 | D:2      | Noticed Robin
   714 | D:2      | Reached XP level 3. HP: 18/24 MP: 3/3
   966 | D:2      | Killed Robin
  1045 | D:2      | Noticed Sigmund
  1059 | D:2      | Slain by Sigmund

Illustrated notes

Levels and vault maps discovered:
D:1:      onia_arrival_handbag, layout_rooms,
          dreamdust_ecumenical_altar_angels_and_demons
D:2:      layout_loops_ring, hex_medium, minmay_tall_x, uniq_robin, uniq_sigmund

Action                   || total
-------------------------++-------
Melee: Flail             ||   113
  Use: Scroll            ||     2
       Potion            ||     1
Armor: Scale mail        ||    73
Dodge: Dodged            ||    54
Block: Buckler           ||    23

Table legend: (Time is in decaauts)
 A = Elapsed time spent in this place.
 B = Non-inter-level travel time spent in this place.
 C = Inter-level travel time spent in this place.
 D = Time resting spent in this place.
 E = Time spent auto-exploring this place.
 F = Levels seen in this place.
 G = Mean time per level.
                   A        B        C        D        E       F      G
               +--------+--------+--------+--------+--------+-----+--------+
         Total |   1099 |    993 |    106 |    130 |    593 |   2 |  549.5 |
       Dungeon |   1099 |    993 |    106 |    130 |    593 |   2 |  549.5 |
               +--------+--------+--------+--------+--------+-----+--------+

Top non-repeatable levels by time:
     D:1: 911 daAuts
     D:2: 187 daAuts
